 Dungeon Crawl Stone Soup version 0.25.1-9-gc5326a611f (webtiles) character file.

Game seed: 7803638693857622163

1101 teolandon225 the Skirmisher (level 8, -1/109 HPs)
             Began as a Minotaur Berserker on Dec 26, 2020.
             Was a Priest of Trog.
             Slain by a two-headed ogre
             ... wielding a +0 giant spiked club
              (2 damage)
             ... on level 6 of the Dungeon.
             The game lasted 00:19:03 (4849 turns).

teolandon225 the Skirmisher (Minotaur Berserker)    Turns: 4849, Time: 00:19:04

Health: -1/109     AC:  9    Str: 23    XL:     8   Next: 10%
Magic:  3/7        EV: 14    Int:  4    God:    Trog [***...]
Gold:   257        SH:  0    Dex: 11    Spells: 7/7 levels left

rFire    . . .     SeeInvis .   F - +0 war axe
rCold    . . .     Gourm    .   (no shield)
rNeg     + . .     Faith    .   I - +1 leather armour {rN+}
rPois    +         Spirit   .   (helmet restricted)
rElec    .         Reflect  .   (no cloak)
rCorr    .         Harm     .   j - +2 pair of gloves
MR       .....                  u - +0 pair of boots
Stlth    ..........             y - amulet of regeneration
HPRegen  0.68/turn              D - ring of poison resistance
MPRegen  0.10/turn              v - ring of stealth

@: berserking, very quick
A: retaliatory headbutt, horns 2
a: Berserk, Trog's Hand, Renounce Religion


You were on level 6 of the Dungeon.
You worshipped Trog.
Trog was most pleased with you.
You were very hungry.

You visited 1 branch of the dungeon, and saw 6 of its levels.

You collected 302 gold pieces.
You spent 45 gold pieces at shops.

Inventory:

Hand Weapons
 a - a +1 hand axe
 p - a +2 dagger of holy wrath
 r - a +1 dagger of venom
 x - a +1 flail of venom
 F - a +0 war axe (weapon)
Missiles
 q - 20 boomerangs (quivered)
Armour
 b - a +0 animal skin
 j - a +2 pair of gloves (worn)
 n - a +0 chain mail
 o - a +0 cloak
 u - a +0 pair of boots (worn)
 w - a +0 robe
 I - a +1 leather armour of positive energy (worn)
Jewellery
 e - an uncursed amulet of the acrobat
 f - an uncursed ring of attention
 g - an uncursed amulet of the acrobat
 v - a ring of stealth (right hand)
 y - an amulet of regeneration (around neck)
 D - a ring of poison resistance (left hand)
 G - an uncursed ring of wizardry
Scrolls
 d - 4 scrolls of remove curse
 k - 4 scrolls of teleportation
 z - 2 scrolls of enchant armour {unknown}
 A - a scroll of enchant weapon
Potions
 h - 2 potions of flight {unknown}
 i - a potion of lignification {unknown}
 l - a potion of brilliance {unknown}
 m - 2 potions of mutation {unknown}
 s - a potion of haste {unknown}
 t - 2 potions of curing {unknown}
 B - 3 potions of berserk rage {unknown}
 C - 2 potions of might {unknown}
 E - a potion of cancellation {unknown}
Comestibles
 c - 5 rations
 H - 5 chunks of flesh


   Skills:
 * Level 7.5 Fighting
 * Level 7.4 Axes
 + Level 5.1 Armour
 + Level 4.9 Dodging


You had 7 spell levels left.
You didn't know any spells.
Your spell library was empty.

Dungeon Overview and Level Annotations

Branches:
Dungeon (6/15)
 Temple: D:4-7

Altars:
Ashenzari
Dithmenos
Gozag
Okawaru
Vehumet
The Shining One

Shops:
D:4 (


Innate Abilities, Weirdness & Mutations

You reflexively headbutt those who attack you in melee.
You have a pair of horns on your head.


Message History

The two-headed ogre hits you with a +0 giant club!!
You slash the two-headed ogre! You headbutt the two-headed ogre.
The two-headed ogre is heavily wounded.
The two-headed ogre barely misses you. x2
You hit the two-headed ogre but do no damage.
You headbutt the two-headed ogre.
The two-headed ogre is severely wounded.
The two-headed ogre hits you with a +0 giant spiked club!!
* * * LOW HITPOINT WARNING * * *
The two-headed ogre misses you.
A red film seems to cover your vision as you go berserk!
You feel yourself moving faster!
You feel mighty!
You are feeling very hungry.
You barely miss the two-headed ogre.
Your headbutt misses the two-headed ogre.
The two-headed ogre is severely wounded.
The two-headed ogre hits you with a +0 giant spiked club!
* * * LOW HITPOINT WARNING * * *
The two-headed ogre hits you with a +0 giant club.
You die...

###### #....# +....#
#.... # #####+#... #
#.......##### #
#.......'...# +
#.......#O..#
########.O.....#@..#
.........###########
.........#
.........#
.........#
.........##
.........)#
........O.#
..........#


You could see a two-headed ogre.

Vanquished Creatures
  An ice beast (D:5)
  A sky beast (D:5)
  An ogre (D:5)
  A centaur (D:6)
  2 scorpions (D:5)
  A centaur zombie (D:5)
  2 crimson imps (D:5)
  A hound (D:5)
  2 orc priests
  4 orc wizards
  Jessica (D:2)
  An iguana (D:4)
  3 worker ants
  A hound zombie (D:5)
  A howler monkey skeleton (D:5)
  A howler monkey zombie (D:6)
  9 adders
  An adder skeleton (D:6)
  4 worms
  2 dart slugs
  A leopard gecko (D:5)
  15 orcs
  2 ball pythons
  7 bats
  4 giant cockroaches
  6 goblins
  7 hobgoblins
  5 jackals (D:3)
  2 quokkas
  3 frilled lizards
  4 kobolds
  A quokka zombie (D:5)
  8 rats
105 creatures vanquished.

Notes
Turn   | Place    | Note
-------+----------+-------------------------------------------
     0 | D:1      | teolandon225 the Minotaur Berserker began the quest for the
                  | Orb.
     0 | D:1      | Reached XP level 1. HP: 19/19 MP: 0/0
   485 | D:1      | Reached XP level 2. HP: 24/27 MP: 1/1
  1298 | D:2      | Reached XP level 3. HP: 24/33 MP: 2/2
  1483 | D:2      | Noticed Jessica
  1492 | D:2      | Killed Jessica
  1540 | D:2      | Found a glowing golden altar of the Shining One.
  2050 | D:3      | Found a shattered altar of Ashenzari.
  2118 | D:3      | Found an iron altar of Okawaru.
  2121 | D:3      | Reached XP level 4. HP: 41/41 MP: 3/3
  2140 | D:3      | Reached ** piety under Trog
  2215 | D:3      | Reached XP level 5. HP: 28/47 MP: 4/4
  2832 | D:4      | Reached skill level 5 in Fighting
  2832 | D:4      | Reached skill level 5 in Axes
  3036 | D:4      | Found a radiant altar of Vehumet.
  3293 | D:4      | Found Visez's Weapon Emporium.
  3302 | D:4      | Bought a +0 war axe for 45 gold pieces
  3346 | D:5      | Entered Level 5 of the Dungeon
  3365 | D:5      | Reached XP level 6. HP: 56/56 MP: 5/5
  3547 | D:5      | Reached *** piety under Trog
  3566 | D:5      | Reached XP level 7. HP: 30/63 MP: 6/6
  4338 | D:5      | Found an opulent altar of Gozag.
  4651 | D:6      | Reached skill level 5 in Armour
  4707 | D:6      | Reached XP level 8. HP: 72/73 MP: 7/7
  4804 | D:6      | Noticed a two-headed ogre
  4815 | D:6      | Found a shadowy altar of Dithmenos.
  4849 | D:6      | HP: 1/109 [two-headed ogre/+0 giant spiked club (16)]
  4849 | D:6      | Slain by a two-headed ogre

Illustrated notes

Levels and vault maps discovered:
D:1:      minmay_arrival_semitransparent, layout_basic
D:2:      layout_basic, tso_altar, uniq_jessica
D:3:      layout_loops_ring, marbit_many_paths, lemuel_crystal_altar,
          first_ration
D:4:      layout_rooms, vehumet_crystals, serial_shops, shop, minivault_4
D:5:      minmay_general_purpose_star, layout_basic, lemuel_round_altar,
          hangedman_decor_points
D:6:      layout_gridville, minmay_temple_entry_offerings, basic_altar,
          serial_shops, shop, uniq_menkaure

Skill      XL: |  1  2  3  4  5  6  7 |
---------------+----------------------+-----
Fighting       | 4 5 6 7 |  7.5
Axes           | 4 5 6 7 |  7.4
Armour         | 3 4 5 |  5.1
Dodging        | 3 4 |  4.9

Action                   |  1- 3 |  4- 6 |  7- 9 || total
-------------------------+-------+-------+-------++-------
Melee: Hand axe          |    63 |   114 |    54 ||   231
       Headbutt          |     5 |    30 |    13 ||    48
       War axe           |       |       |    27 ||    27
Invok: Berserk           |     1 |     2 |     2 ||     5
  Use: Scroll            |     6 |     2 |     1 ||     9
  Eat: Ration            |     2 |       |       ||     2
       Chunk             |       |     4 |     5 ||     9
Armor: Animal skin       |    11 |       |       ||    11
       Chain mail        |     3 |    37 |    21 ||    61
       Leather armour    |       |       |     9 ||     9
Dodge: Dodged            |    46 |    61 |    46 ||   153
